 Dungeon Crawl Stone Soup version 0.29-a0-923-g6e406bff71 (webtiles) character file.

Game seed: 162810455572815757

276 funkygono the Firebug (level 6, -1/45 HPs)
             Began as a Draconian Fire Elementalist on July 27, 2022.
             Slain by Edmund
             ... wielding a +2 dire flail of protection
              (10 damage)
             ... on level 4 of the Dungeon.
             The game lasted 00:07:54 (3752 turns).

funkygono the Firebug (Draconian Fire Elementalist) Turns: 3752, Time: 00:07:55

Health: -1/45      AC:  6    Str: 10    XL:     6   Next: 4%
Magic:  1/12       EV: 12    Int: 18    God:
Gold:   145        SH:  0    Dex: 11    Spells: 7/13 levels left

rFire   . . .      SeeInvis .   g - +0 mace
rCold   . . .      Faith    .   (no shield)
rNeg    . . .      Spirit   .   (body armour unavailable)
rPois   .          Reflect  .   (helmet restricted)
rElec   .          Harm     .   (no cloak)
rCorr   .          Rampage  .   (no gloves)
Will    .....                   (no boots)
Stlth   ++........              (no amulet)
HPRegen 0.15/turn               (no ring)
MPRegen 0.13/turn               (no ring)

@: no status effects
A: AC +6, unfitting armour, cold-blooded
a: no special abilities


You were on level 4 of the Dungeon.
You visited 1 branch of the dungeon, and saw 4 of its levels.
You also visited: Sewer.

You collected 145 gold pieces.

Inventory:

Hand Weapons
 g - a +0 mace (weapon)
 o - a +0 whip
Magical Staves
 p - a staff of poison
Wands
 r - a wand of quicksilver (13)
Scrolls
 b - a scroll of enchant weapon {unknown}
 d - 7 scrolls of identify {unknown}
 e - a scroll of teleportation {unknown}
 f - a scroll of amnesia {unknown}
 i - 2 scrolls of poison {unknown}
Potions
 a - a potion of magic
 c - a potion of mutation {unknown}
 h - 2 potions of lignification {unknown}
 j - a potion of degeneration {unknown}
 k - 2 potions of curing
 l - 4 potions of flight
 m - 2 potions of heal wounds
 n - a potion of might {unknown}
 q - a potion of attraction {unknown}
 s - a potion of haste {unknown}


   Skills:
 + Level 0.2 Fighting
 + Level 1.1 Maces & Flails
 + Level 2.0 Dodging
 - Level 1.7 Stealth
 + Level 4.0 Spellcasting
 + Level 2.4 Conjurations
 + Level 4.6 Fire Magic


You had 7 spell levels left.
You knew the following spells:

 Your Spells              Type           Power      Damage    Failure   Level
a - Foxfire               Conj/Fire      64%        2x1d7     3%          1
b - Scorch                Fire           40%        2d7       3%          2
c - Conjure Flame         Conj/Fire      16%        6-21      11%         3

Your spell library contained the following spells:

 Spells                   Type           Power      Damage    Failure   Level
 Inner Flame              Hex/Fire       11%        N/A       17%         3
 Flame Wave               Conj/Fire      16%        2d7       34%         4
 Portal Projectile        Hex/Tloc       6%         N/A       41%         3
 Tukima's Dance           Hex            3%         N/A       41%         3
 Blade Hands              Tmut           1%         N/A       99%         5
 Chain Lightning          Conj/Air       3%         3d4       100%        9
 Fire Storm               Conj/Fire      8%         8d2       100%        9
 Shatter                  Erth           1%         3d6*      100%        9


Dungeon Overview and Level Annotations

Branches:
Dungeon (4/15)              Sewer (visited)
 Temple: D:4-7

Altars:
Uskayaw

Annotations:
D:4 2 transporters, Edmund


Innate Abilities, Weirdness & Mutations

Your plain brown scales are hard. (AC +6)
You cannot fit into any form of body armour.
You are cold-blooded and may be slowed by cold attacks.


Message History

Edmund barely misses you.
You touch Edmund but do no damage.
Edmund is lightly wounded.
Edmund misses you.
You touch Edmund.
Edmund is lightly wounded.
You touch Edmund but do no damage.
Edmund is lightly wounded.
Edmund hits you but does no damage.
You barely miss Edmund.
Edmund is lightly wounded.
You condense into your normal self.
Your +0 mace unmelds from your body.
Edmund zaps a wand.
You resist with some effort.
Casting: Scorch (safe; 3% risk of failure)
Confirm with . or Enter, or press ? or * to list all spells.
Flames lash Edmund.
Edmund is moderately wounded.
Edmund's fire resistance burns away.
Edmund hits you with a +2 dire flail of protection.
Unknown command.
Casting: Scorch (safe; 3% risk of failure)
Confirm with . or Enter, or press ? or * to list all spells.
Flames lash Edmund.
Edmund is burned terribly!
Edmund is heavily wounded.
Edmund hits you with a +2 dire flail of protection.
Unknown command.
Casting: Scorch (safe; 3% risk of failure)
Confirm with . or Enter, or press ? or * to list all spells.
You don't have enough magic to cast this spell.
Unknown command.
You closely miss Edmund.
Edmund is heavily wounded.
Edmund hits you with a +2 dire flail of protection!
* * * LOW HITPOINT WARNING * * *
Edmund zaps a wand.
You resist with some effort.
You barely miss Edmund.
Edmund is heavily wounded.
Edmund hits you with a +2 dire flail of protection!
You die...

.....# ....# ...# ..< ##
#.###########..
...####.##..........
..................#
...####.#.........#
#@#.........# ##.
#@#.........## ...
#.#..........# #.#
#########...###.###..#
###.#
#..........####.####.#
#...## #.....J....##......#
.
#.#..###..........##..†...#
..........................#
..........................#


You could see Edmund (combustible).

Vanquished Creatures
  A kobold brigand (Sewer)
  A jelly (D:3)
  Jessica (D:3)
  4 adders
  A river rat (D:3)
  A dart slug (D:3)
  6 orcs (D:3)
  7 ball pythons
  5 endoplasms
  7 giant cockroaches
  7 goblins
  13 hobgoblins
  A jackal (Sewer)
  3 quokkas
  9 bats
  6 frilled lizards
  10 kobolds
  14 rats
97 creatures vanquished.

Vanquished Creatures (others)
  260 foxfires
260 creatures vanquished.

Grand Total: 357 creatures vanquished

Notes
Turn   | Place    | Note
-------+----------+-------------------------------------------
     0 | D:1      | funkygono the Draconian Fire Elementalist began the quest
                  | for the Orb.
     0 | D:1      | Reached XP level 1. HP: 14/14 MP: 3/3
   211 | D:1      | Reached XP level 2. HP: 20/20 MP: 0/5
   214 | D:1      | Learned a level 2 spell: Scorch
   451 | D:1      | Found a faded altar of an unknown god.
  1105 | D:2      | Reached XP level 3. HP: 26/26 MP: 4/6
  1109 | D:2      | Learned a level 3 spell: Conjure Flame
  1741 | D:2      | Found a hide-covered altar of Uskayaw.
  2160 | D:3      | Noticed Jessica
  2176 | D:3      | Killed Jessica
  2177 | D:3      | Reached XP level 4. HP: 33/33 MP: 0/8
  2349 | D:3      | Found a glowing drain.
  2353 | Sewer    | Entered a sewer
  2498 | Sewer    | Noticed a kobold brigand
  2507 | Sewer    | Killed a kobold brigand
  2508 | Sewer    | Reached XP level 5. HP: 38/38 MP: 0/10
  2606 | Sewer    | Found a white marble altar of Elyvilon.
  2781 | D:3      | Reached skill level 1 in Maces & Flails
  3321 | D:4      | Found a transporter.
  3334 | D:4      | Found a transporter.
  3375 | D:4      | Noticed Edmund
  3619 | D:3      | Reached XP level 6. HP: 45/45 MP: 7/12
  3752 | D:4      | Slain by Edmund

Illustrated notes

Levels and vault maps discovered:
D:1:      nagdon_arrival_double_spiral, layout_basic,
          hellmonk_ecumenical_altar_run_dry
D:2:      layout_basic, basic_altar
D:3:      layout_rooms, gup_sewer_entry_spiral, nrook_campfire, uniq_jessica
D:4:      gammafunk_wand_slinger, layout_rooms, nicolae_overflow_hidden_temple,
          mainiacjoe_overflow_small_starburst, minmay_temple_entry_waves,
          uniq_edmund

Skill      XL: |  1  2  3  4  5 |
---------------+----------------+-----
Spellcasting   | 3 4 |  4.0
Conjurations   | 2 |  2.4
Fire Magic     | 4 |  4.6
Dodging        | 2 |  2.0
Maces & Flails | 1 |  1.1
Fighting       | |  0.2
Stealth        | |  1.7

Action                   |  1- 3 |  4- 6 || total
-------------------------+-------+-------++-------
Melee: Mace              |     4 |    28 ||    32
       Tailslap          |     1 |     2 ||     3
       Unarmed           |       |    24 ||    24
 Cast: Foxfire           |    83 |    72 ||   155
       Scorch            |     4 |    19 ||    23
Armor: Skin              |     9 |    23 ||    32
Dodge: Dodged            |    18 |    59 ||    77

Table legend: (Time is in decaauts)
 A = Elapsed time spent in this place.
 B = Non-inter-level travel time spent in this place.
 C = Inter-level travel time spent in this place.
 D = Time resting spent in this place.
 E = Time spent auto-exploring this place.
 F = Levels seen in this place.
 G = Mean time per level.
                   A        B        C        D        E       F      G
               +--------+--------+--------+--------+--------+-----+--------+
         Total |   3859 |   3798 |     61 |    331 |   2661 |   5 |  771.8 |
       Dungeon |   3540 |   3479 |     61 |    331 |   2403 |   4 |  885.0 |
         Sewer |    318 |    318 |      0 |      0 |    258 |   1 |  318.0 |
               +--------+--------+--------+--------+--------+-----+--------+

Top non-repeatable levels by time:
     D:3: 1170 daAuts
     D:2: 1140 daAuts
     D:1: 1039 daAuts
   Sewer: 318 daAuts
     D:4: 190 daAuts
